[Event "*** Titled Tuesday Blitz"]
[Site "Chess.com"]
[Date "2019.02.05"]
[Round "7"]
[White "kintoho"]
[Black "playerorkinyo"]
[Result "1-0"]
[WhiteElo "2485"]
[BlackElo "2344"]
[TimeControl "180+2"]
[EndTime "14:39:55 PST"]
[Termination "kintoho won by resignation"]

1. e4 e5 2. Nf3 Nc6 3. Nc3 Nf6 4. a3 Be7 5. d4 exd4 6. Nxd4 Nxd4 7. Qxd4 d6 8. Be2 O-O 9. O-O Be6 10. h3 Nd7 11.
Bf3 Bf6 12. Qe3 Ne5 13. Be2 Nc4 14. Qd3 c6 15. Kh1 Qb6 16. Rb1 Rad8 17. f4 d5 18. e5 Be7 19. b3 Nxa3 20. Ra1 d4 21. Bxa3 Bxa3 22. Rxa3 Qc5 23. Nb1 g6 24. Qd2 b5 25.
Bd3 Bd5 26. Ra2 f6 27. exf6 Rxf6 28. Qa5 Rd7 29. Nd2 Re7 30. Qa3 b4 31. Qa5 Qd6 32. Raa1 Re3 33. Kg1 Qe6 34. Qd8+ Rf8 35. Qg5 h6 36.
Qxh6 Rg3 37. Rf2 Bxg2 38. Rxg2 Qe3+ 39. Kh2 Rxg2+ 40. Kxg2 Qxd2+ 41. Kh1 Qxf4 42. Qxg6+ 1-0

[Event "*** Titled Tuesday Blitz"]
[Site "Chess.com"]
[Date "2019.02.05"]
[Round "7"]
[White "Kostya_Nikologorskiy"]
[Black "2165149677570"]
[Result "1-0"]
[WhiteElo "2421"]
[BlackElo "2309"]
[TimeControl "180+2"]
[EndTime "14:39:57 PST"]
[Termination "Kostya_Nikologorskiy won by resignation"]

1. e4 c5 2. Nf3 d6 3. d4 cxd4 4. Nxd4 Nf6 5. Nc3 a6 6. Be2 e5 7. Nb3 Be7 8. Be3 Be6 9. O-O O-O 10. a4 Nbd7 11. Kh1 Re8 12. a5 Rc8 13. f3 Nc5 14. Nxc5 dxc5 15. Qe1 c4 16. Qf2 Qc7 17. Bb6 Qc6 18.
Rfd1 Bc5 19. Bxc5 Qxc5 20. Qxc5 Rxc5 21. Rd6 Kf8 22. g4 Ke7 23. Rd2 g5 24. Kg2 h5 25. h3 h4 26. Kf2 Nd7 27. Ke3 Nb8 28. Nd5+ Bxd5 29. Rxd5 Rec8 30. Rad1 Rxd5 31. Rxd5 f6 32.
Kd2 Nd7 33. Kc3 Nc5 34. Bxc4 Na4+ 35. Kb3 Nxb2 36. Be2 Na4 37. Kxa4 Rxc2 38. Bd3 Rh2 39. Rc5 Rxh3 40. Rc7+ Kf8 41. Rxb7 Rxf3 42. Bxa6 Rc3 43. Rh7 h3 44. Kb4 Ke8 45. Kxc3 1-0

[Event "*** Titled Tuesday Blitz"]
[Site "Chess.com"]
[Date "2019.02.05"]
[Round "7"]
[White "Abund"]
[Black "Gabrielian_Artur"]
[Result "0-1"]
[WhiteElo "2535"]
[BlackElo "2728"]
[TimeControl "180+2"]
[EndTime "14:40:02 PST"]
[Termination "Gabrielian_Artur won on time"]

1. Nf3 c5 2. c4 Nc6 3. Nc3 e5 4. d3 g6 5. Bg5 f6 6. Bd2 Bg7 7. g3 Nge7 8. Bg2 O-O 9. O-O d6 10. a3 Be6 11. Rb1 a5 12. e4 Qd7 13. Nd5 Rab8 14. b4 axb4 15. axb4 cxb4 16. Nxb4 Nxb4 17.
Rxb4 b5 18. Qb1 Rb7 19. cxb5 Rfb8 20. b6 d5 21. Rb5 dxe4 22. Ne1 f5 23. Bg5 Nd5 24. Qb2 Rxb6 25. Rxb6 Rxb6 26. Qa1 h6 27. Qa8+ Kh7 28. Bd8 Rd6 29. dxe4 fxe4 30. Ba5 e3 31. fxe3 Nxe3 32. Rf2 Nxg2 33. Qxg2 Rd1 34. Re2 Bd5 35. Qf2 Bb7 36. Rd2 Qc6 37. Qe3 Qh1+ 38. Kf2 Qxh2+ 0-1

[Event "*** Titled Tuesday Blitz"]
[Site "Chess.com"]
[Date "2019.02.05"]
[Round "7"]
[White "Zhuu96"]
[Black "Witik"]
[Result "0-1"]
[WhiteElo "2857"]
[BlackElo "2656"]
[TimeControl "180+2"]
[EndTime "14:40:04 PST"]
[Termination "Witik won by resignation"]

1. e4 c6 2. d4 d5 3. e5 Bf5 4. Nf3 e6 5. Be2 Nd7 6. O-O Bg6 7. c3 Nh6 8. Nbd2 Nf5 9. Ne1 c5 10. Nb3 c4 11. Nd2 f6 12. g4 Ne7 13. f4 Qb6 14. Nef3 fxe5 15. fxe5 Nc6 16. Kg2 Be7 17. h4 h5 18. gxh5 Bxh5 19. Ng5 Bxe2 20. Qxe2 Bxg5 21. hxg5 Ne7 22. Nf3 O-O-O 23. Bf4 Nf8 24. b3 Nfg6 25. Bg3 Qc6 26. Rh1 Nf5 27. Rab1 Rxh1 28. Rxh1 cxb3 29. axb3 Qxc3 30. Qa2 Kb8 31. Ra1 a6 32. Qa5 Qb2+ 33.
Kg1 Rc8 34. Bf2 Nf4 35. Ra2 Rc1+ 36. Ne1 Qxb3 37. Ra3 Qd1 38. Kf1 Qe2+ 39. Kg1 Qg4+ 40. Kh2 Rxe1 41. Qd8+ Ka7 0-1

[Event "*** Titled Tuesday Blitz"]
[Site "Chess.com"]
[Date "2019.02.05"]
[Round "7"]
[White "Alex_Terzi"]
[Black "Alekseyviktorovich"]
[Result "0-1"]
[WhiteElo "2480"]
[BlackElo "2342"]
[TimeControl "180+2"]
[EndTime "14:40:04 PST"]
[Termination "Alekseyviktorovich won by resignation"]

1. e4 c6 2. d4 d5 3. Nc3 dxe4 4. Nxe4 Bf5 5. Ng3 Bg6 6. h4 h6 7.
Nh3 e6 8. Nf4 Bh7 9. Bc4 Nf6 10.
Nfh5 Nbd7 11. c3 Nxh5 12. Nxh5 Nf6 13. Bf4 Nxh5 14. Qxh5 Bg6 15. Qe5 Be7 16. h5 Bf6 17.
Qe3 Bh7 18. Qg3 Bg5 19. Bd6 Bf6 20. b4 Qd7 21. O-O Rd8 22. Bf4 Qe7 23. Rfe1 Bh4 24. Qxg7 Bf6 25. Qg3 Rg8 26. Qe3 Bg5 27. g3 Bxf4 28. Qxf4 Rg5 29. Re5 Rxe5 30. Qxe5 Kd7 31. Re1 Rg8 32. d5 cxd5 33. Bxd5 Rg5 34. Qh8 Rxd5 35. Qxh7 Qf6 36. Qc2 Rxh5 37. Rd1+ Ke7 38. c4 Qf3 39. Rd7+ Kxd7 40. Qa4+ Ke7 0-1

[Event "*** Titled Tuesday Blitz"]
[Site "Chess.com"]
[Date "2019.02.05"]
[Round "7"]
[White "chesstatour"]
[Black "nocnypako"]
[Result "1-0"]
[WhiteElo "2014"]
[BlackElo "2217"]
[TimeControl "180+2"]
[EndTime "14:40:06 PST"]
[Termination "chesstatour won on time"]

1. c4 Nf6 2. Nc3 e6 3. e4 d5 4. e5 Ne4 5. d4 Nxc3 6. bxc3 Be7 7. Nf3 O-O 8. Bd3 dxc4 9. Bxc4 c5 10. O-O Nc6 11. Be3 cxd4 12. cxd4 Nb4 13. Qb3 Nd5 14.
Bxd5 exd5 15. Rfc1 b6 16. a4 Ba6 17. Nd2 Qd7 18.
a5 Rab8 19. axb6 Rxb6 20. Qa4 Qg4 21. h3 Qe2 22. Rc7 Bb4 23. Nf3 Bd3 24. e6 h6 25. exf7+ Kh7 26. Ne5 a5 27. Qd1 Qxd1+ 28.
Rxd1 Be4 29. f3 Bg6 30. Kh2 a4 31. Ra7 a3 32. Bc1 Bc2 33. Rf1 Bc3 34. Bxa3 Bxd4 35. Bxf8 Bxe5+ 36. f4 Bf6 37. Bc5 1-0

[Event "*** Titled Tuesday Blitz"]
[Site "Chess.com"]
[Date "2019.02.05"]
[Round "7"]
[White "26andrej26"]
[Black "wadsy27"]
[Result "1-0"]
[WhiteElo "2427"]
[BlackElo "2318"]
[TimeControl "180+2"]
[EndTime "14:40:07 PST"]
[Termination "26andrej26 won by resignation"]

1. e4 c5 2. Nf3 e6 3. d4 cxd4 4. Nxd4 Nc6 5. Nc3 Qc7 6. Be3 a6 7. Qd2 Nf6 8. O-O-O Be7 9. f3 O-O 10. g4 b5 11. Kb1 Bb7 12. Bd3 Ne5 13. g5 Nh5 14. Nce2 d5 15. Ng3 dxe4 16. fxe4 Nxg3 17. hxg3 Ng4 18. Rh3 Rfd8 19. Rdh1 h6 20. gxh6 g6 21.
h7+ Kh8 22. Nb3 Bf6 23. Bf4 Qe7 24. Re1 Rac8 25. e5 Bg7 26. Bg5 f6 27. exf6 Bxf6 28. Bxf6+ Qxf6 29. Rh4 Ne5 30. Rf4 Qg7 31. Nc1 Nf3 32.
Qe3 Nxe1 33. Qxe1 e5 34. Rh4 e4 35. Be2 e3 36. Bg4 Rc4 37. Qxe3 Be4 38. Bd1 Qd4 39. Qg5 Rdc8 40. Nd3 Rxc2 41. Bxc2 Rxc2 42. Rxe4 Qxe4 43.
Kxc2 Kxh7 44. Qh4+ 1-0

[Event "*** Titled Tuesday Blitz"]
[Site "Chess.com"]
[Date "2019.02.05"]
[Round "7"]
[White "DenisQ"]
[Black "Th3ChessViking"]
[Result "1-0"]
[WhiteElo "2661"]
[BlackElo "2467"]
[TimeControl "180+2"]
[EndTime "14:40:08 PST"]
[Termination "DenisQ won by resignation"]

1. Nf3 d5 2. c4 c6 3. cxd5 cxd5 4. d4 Nf6 5. Nc3 e6 6. Bf4 a6 7. e3 Nbd7 8. Bd3 b5 9. O-O Bb7 10. a4 b4 11. Nb1 Be7 12. h3 O-O 13. Nbd2 Rc8 14. Qe2 Qb6 15. a5 Qa7 16. Rfc1 Rxc1+ 17. Rxc1 Rc8 18. Rxc8+ Bxc8 19. Nb3 Bb7 20. Qc2 Qa8 21. Ne5 Qc8 22. Qxc8+ Bxc8 23. Nc6 Bf8 24. Bc7 Ne8 25. Bb6 Nd6 26. Na7 Nxb6 27. axb6 Bb7 28. Na5 Be7 29. Nxb7 Nxb7 30. Bxa6 Na5 31. Nc8 Bd8 32. Bb5 Nc4 33. b7 Bc7 34. Ne7+ Kf8 35. Nc6 Nd6 36. Ba6 Nc4 37.
b8=Q+ Bxb8 38. Nxb8 Nxb2 39. Nc6 b3 40. Na5 Nc4 41. Nxc4 dxc4 42. Bxc4 b2 43. Bd3 g6 44. Kf1 Ke7 45. Ke2 Kd6 46. Kd2 Kc6 47. Kc3 1-0

[Event "*** Titled Tuesday Blitz"]
[Site "Chess.com"]
[Date "2019.02.05"]
[Round "7"]
[White "Andrew-FB00"]
[Black "Perecke"]
[Result "0-1"]
[WhiteElo "1878"]
[BlackElo "2056"]
[TimeControl "180+2"]
[EndTime "14:40:08 PST"]
[Termination "Perecke won on time"]

1. e4 e5 2. Nf3 Nc6 3. Bb5 a6 4. Ba4 Nf6 5. d4 exd4 6. O-O Be7 7.
Re1 O-O 8. e5 Nd5 9. Bb3 Nb6 10.
Nxd4 d5 11. Nxc6 bxc6 12. Nc3 Bb7 13. Bf4 c5 14. a3 d4 15. Ne4 Nd5 16. Bxd5 Qxd5 17.
f3 Rae8 18. Qd2 Rd8 19. Rad1 Rfe8 20. Nf2 c4 21. Bg5 Bxg5 22. Qxg5 f6 23. Qf5 Rxe5 24. Rxe5 fxe5 25. c3 d3 26. Rd2 Rf8 27. Qg4 Rf4 28. Qh5 g6 29. Qg5 Rf5 30. Qg3 Qd8 31. h3 Rg5 32.
Qh2 Bxf3 33. g4 h5 34. Qg3 hxg4 35. hxg4 Bxg4 36. Nxg4 Kg7 37. Rg2 d2 0-1

[Event "*** Titled Tuesday Blitz"]
[Site "Chess.com"]
[Date "2019.02.05"]
[Round "7"]
[White "sandager"]
[Black "ENEASZ"]
[Result "1-0"]
[WhiteElo "2128"]
[BlackElo "2355"]
[TimeControl "180+2"]
[EndTime "14:40:12 PST"]
[Termination "sandager won by checkmate"]

1. e4 g6 2. d4 Bg7 3. Nf3 a6 4. Be2 b5 5. O-O Bb7 6. Nbd2 d6 7. Re1 Nd7 8. Bf1 e5 9. d5 Ne7 10. c4 bxc4 11. Nxc4 Rb8 12. Be3 O-O 13. Rc1 h6 14. Qc2 f5 15. Bd3 f4 16. Bd2 Ba8 17. Ba5 Nc5 18. Bf1 g5 19. h3 Qd7 20. b4 Na4 21. Ncd2 Rfc8 22. Bxa6 Bb7 23. Bf1 h5 24. Nxg5 Ng6 25. Ne6 Bf6 26. b5 Nb6 27. Qd1 Kf7 28.
Qxh5 Rh8 29. Qf5 Ne7 30. Ng5+ Ke8 31. Qxd7+ Kxd7 32. Ne6 Nbxd5 33. exd5 Bxd5 34. Nxc7 Bxa2 35. b6 Nd5 36. Bb5+ Ke7 37. Nxd5+ Bxd5 38. Rc7+ Kf8 39. Ne4 Bd8 40. Rd7 Bxb6 41. Bxb6 Rxb6 42. Bf1 Rc6 43.
Rxd6 Bxe4 44. Rd8+ Kg7 45. Rxh8 Kxh8 46. Rxe4 Rc5 47.
f3 Kg7 48. Kf2 Kf6 49. Be2 Rc2 50. Rb4 Rc1 51. Rb5 Kf5 52. Rb6 Kg5 53. Bd3 Rd1 54.
Ke2 Rg1 55. Rg6+ Kh5 56. Rg4 Ra1 57. Bc4 Rc1 58. Kd3 Kh6 59. Bd5 Re1 60. Be4 Rd1+ 61. Kc4 Kh5 62. Kc5 Rd2 63. Bd5 Rd1 64. Kd6 Re1 65.
Be4 Kh6 66. Kxe5 Kh5 67. Kf6 Kh6 68. Rh4# 1-0

[Event "*** Titled Tuesday Blitz"]
[Site "Chess.com"]
[Date "2019.02.05"]
[Round "7"]
[White "Babas"]
[Black "Feegus"]
[Result "0-1"]
[WhiteElo "2326"]
[BlackElo "2387"]
[TimeControl "180+2"]
[EndTime "14:40:14 PST"]
[Termination "Feegus won by checkmate"]

1. e4 e6 2. d4 d5 3. Nc3 Nf6 4. e5 Nfd7 5. f4 c5 6. Nf3 Nc6 7. Be3 cxd4 8. Nxd4 Bc5 9. Qd2 O-O 10. O-O-O a6 11.
Kb1 Nxd4 12. Bxd4 b5 13. h4 b4 14. Ne2 a5 15. Nc1 Ba6 16. h5 Qc7 17. g4 Rfc8 18. Rh2 Bxf1 19. Rxf1 Nb6 20. Bxc5 Qxc5 21. f5 Nc4 22.
Qg5 Qd4 23. Nd3 h6 24. Qf4 Qxf4 25. Rxf4 Rc6 26. Rhf2 Rac8 27. fxe6 fxe6 28. Rf7 Ne3 29. Re7 Rf8 30. Rxf8+ Kxf8 31. Ra7 Rxc2 32. Rxa5 Rc4 33. Nc5 Rxg4 34. Ra8+ Kf7 35. Ra7+ Kg8 36. a4 Nc4 37. Nxe6 b3 38. Ra8+ Kf7 39. Nd8+ Ke7 40. Nc6+ Kd7 41. e6+ Kxc6 42. e7 Rg1# 0-1

[Event "*** Titled Tuesday Blitz"]
[Site "Chess.com"]
[Date "2019.02.05"]
[Round "7"]
[White "SuperCheese"]
[Black "Didici"]
[Result "0-1"]
[WhiteElo "2574"]
[BlackElo "2580"]
[TimeControl "180+2"]
[EndTime "14:40:19 PST"]
[Termination "Didici won by resignation"]

1. d4 f5 2. Nc3 d5 3. Nf3 g6 4. Bf4 Bg7 5. h3 c6 6. e3 Nh6 7. Bd3 Nf7 8. O-O Nd7 9. Na4 e5 10. dxe5 Ndxe5 11. Nxe5 Nxe5 12. Rc1 Qe7 13. a3 b5 14. Nc3 O-O 15. Bh2 a5 16. Rb1 Bb7 17. Ne2 b4 18. a4 c5 19. Bb5 Rad8 20. b3 Kh8 21. Nf4 d4 22. Qe2 g5 23. Nh5 dxe3 24.
Nxg7 Kxg7 25. fxe3 Ng6 26. Rbd1 Nh4 27. Rf2 Rxd1+ 28.
Qxd1 Rd8 29. Qe1 Bxg2 30. Be2 Qxe3 31. Bg3 Qxg3 32. Bh5 Bf3+ 33. Kf1 Bxh5 34. Qe7+ Bf7 35. Qxd8 Qxh3+ 36. Ke2 Qg4+ 37. Ke1 f4 38. Qc7 Qf5 39.
Rd2 Nf3+ 40. Ke2 Nxd2 41. Kxd2 f3 42. Kc1 f2 43. Kb2 f1=Q 44. Qd6 Q1f2 0-1

[Event "*** Titled Tuesday Blitz"]
[Site "Chess.com"]
[Date "2019.02.05"]
[Round "7"]
[White "Sanan_Sjugirov"]
[Black "Koksik_13"]
[Result "1-0"]
[WhiteElo "2830"]
[BlackElo "2675"]
[TimeControl "180+2"]
[EndTime "14:40:20 PST"]
[Termination "Sanan_Sjugirov won on time"]

1. Nf3 d5 2. g3 Nc6 3. Bg2 e5 4. d3 Nf6 5. O-O Be7 6. a3 O-O 7. b4 e4 8. Nfd2 Bf5 9. Nb3 Ng4 10. e3 Nge5 11. dxe4 dxe4 12. Nc3 Qxd1 13. Rxd1 Nf3+ 14. Bxf3 exf3 15. e4 Bf6 16. exf5 Bxc3 17. Rb1 Rad8 18.
Bf4 Be5 19. Be3 b6 20. Nd2 Ne7 21. Nxf3 Bf6 22. g4 h6 23. c4 Nc6 24. Bf4 Rxd1+ 25. Rxd1 Re8 26. Re1 Rc8 27. Kg2 Bb2 28. b5 Na5 29. a4 Nxc4 30. Re7 c6 31. bxc6 Rxc6 32. Rxa7 Na3 33. h3 Nc2 34. Be5 Bc1 35. Ra8+ Kh7 36. Ra7 Kh8 37. Rxf7 Kg8 38. Rxg7+ Kf8 39. Ra7 Rc5 40. Bd6+ 1-0

[Event "*** Titled Tuesday Blitz"]
[Site "Chess.com"]
[Date "2019.02.05"]
[Round "7"]
[White "Eliwood44"]
[Black "ecwinslow"]
[Result "1-0"]
[WhiteElo "2130"]
[BlackElo "1978"]
[TimeControl "180+2"]
[EndTime "14:40:20 PST"]
[Termination "Eliwood44 won by resignation"]

1. d4 Nf6 2. Nf3 g6 3. Nc3 d6 4.
e4 Bg7 5. h3 O-O 6. Be3 c6 7.
a4 Qc7 8. Be2 e5 9. O-O Nbd7 10.
Re1 Re8 11. Bf1 b6 12. d5 cxd5 13. exd5 a6 14. Ra3 Bb7 15. Qd2 Rac8 16. Rd1 Nc5 17. Bh6 Bh8 18. Bg5 Nfe4 19. Qc1 Nxg5 20. Qxg5 Qe7 21. Qxe7 Rxe7 22. b4 Nd7 23. Ne4 Rxc2 24.
Nxd6 Ba8 25. Bxa6 h6 26. a5 bxa5 27. bxa5 e4 28. Ne1 Rc5 29. Bb7 Bxb7 30. Nxb7 Rb5 31.
Nd6 Rb8 32. a6 Nc5 33. Rc1 Nd3 34. Nxd3 exd3 35. Rxd3 Be5 36. Nc4 Bf4 37. Rcd1 Ra7 38. Ra3 Rd8 39. g3 Bb8 40. Kg2 Kf8 41. f4 Ke7 42.
Ne5 Bxe5 43. fxe5 Rda8 44. Rda1 f6 45. exf6+ Kxf6 46. Kf3 Ke5 47. Ra5 Rd8 48. Re1+ Kd6 49. Re6+ Kc7 50. Rxg6 1-0

[Event "*** Titled Tuesday Blitz"]
[Site "Chess.com"]
[Date "2019.02.05"]
[Round "7"]
[White "Revnov"]
[Black "metra93"]
[Result "0-1"]
[WhiteElo "2758"]
[BlackElo "2571"]
[TimeControl "180+2"]
[EndTime "14:40:21 PST"]
[Termination "metra93 won by resignation"]

1. e4 e6 2. d4 d5 3. Nc3 Bb4 4.
e5 c5 5. a3 Bxc3+ 6. bxc3 Qc7 7.
Nf3 b6 8. a4 Ne7 9. a5 Ba6 10.
Bxa6 Nxa6 11. axb6 axb6 12. Qd3 Qb7 13. O-O O-O 14.
Ng5 Ng6 15. h4 Nb4 16. cxb4 Rxa1 17. h5 h6 18. Nxe6 fxe6 19. Qxg6 Qf7 20. bxc5 bxc5 21. dxc5 Rc8 22. Be3 Rxf1+ 23. Kxf1 Qxg6 24. hxg6 h5 25. Ke2 Kf8 26. Kf3 Ke8 27. Kf4 Kd7 28. Kg5 Rf8 29. f4 Rf5+ 30. Kh4 d4 31. Bc1 Kc6 32. g3 Kd5 33. Ba3 Kc6 34. Bb4 Rf8 35. Kxh5 Rh8+ 36.
Kg5 Rh2 37. g4 Rg2 38. Kh4 Rxc2 39. f5 exf5 40. gxf5 d3 41. f6 Rc4+ 42. Kg5 Rxb4 43. fxg7 Rb8 44. Kh6 d2 45. Kh7 d1=Q 46. g8=Q Qh5+ 47. Kg7 Rxg8+ 48. Kxg8 Qxg6+ 49. Kf8 Qe6 50. Kg7 Qxe5+ 51. Kf7 Qxc5 0-1

[Event "*** Titled Tuesday Blitz"]
[Site "Chess.com"]
[Date "2019.02.05"]
[Round "7"]
[White "popov_m"]
[Black "GelmanAlexander"]
[Result "0-1"]
[WhiteElo "2600"]
[BlackElo "2518"]
[TimeControl "180+2"]
[EndTime "14:40:26 PST"]
[Termination "GelmanAlexander won by resignation"]

1. c4 c5 2. g3 e6 3. Bg2 Nf6 4. Nf3 Be7 5. O-O O-O 6. Nc3 d6 7. d4 cxd4 8. Nxd4 a6 9. b3 Nbd7 10. Bb2 Qc7 11. Rc1 Ne5 12. h3 Bd7 13. Kh2 Rac8 14.
e4 h6 15. f4 Ng6 16. Qe2 Rfe8 17. Rfe1 e5 18. fxe5 Nxe5 19. Nd5 Nxd5 20. cxd5 Qa5 21. Rxc8 Rxc8 22. Rc1 Qxa2 23. Ra1 Bb5 24. Nxb5 Qxb3 25.
Nd4 Qb4 26. Nf5 Bf6 27. Bxe5 Bxe5 28. Ne7+ Kf8 29. Nxc8 Bxa1 30. Qg4 Be5 31. Qd7 g6 32. Qg4 h5 33. Qg5 Qc3 34. Nb6 Qc7 35. Na8 Qa5 36.
Qc1 b5 37. Qc8+ Kg7 38. h4 Qe1 39. Qh3 b4 40. Nc7 b3 41. Ne8+ Kf8 42. Qc8 Qxg3+ 43.
Kg1 Bd4+ 44. Kh1 Qxh4+ 45. Bh3 Qe1+ 46. Kh2 Qf2+ 47. Bg2 Be5+ 48. Kh1 Qe1+ 0-1

[Event "*** Titled Tuesday Blitz"]
[Site "Chess.com"]
[Date "2019.02.05"]
[Round "7"]
[White "maciek_92"]
[Black "snowlord"]
[Result "1-0"]
[WhiteElo "2752"]
[BlackElo "2697"]
[TimeControl "180+2"]
[EndTime "14:40:29 PST"]
[Termination "maciek_92 won by resignation"]

1. c4 e5 2. Nc3 Nc6 3. g3 g6 4. Bg2 Bg7 5. e4 d6 6. Nge2 Nf6 7. O-O O-O 8. d3 a6 9. h3 b5 10. Be3 bxc4 11. dxc4 Rb8 12. b3 Nh5 13. Qd2 Bd7 14. Rad1 a5 15. c5 Be6 16. cxd6 cxd6 17. Qxd6 Nd4 18.
Qxd8 Rfxd8 19. g4 Nxe2+ 20. Nxe2 Nf4 21. Nxf4 exf4 22. Bxf4 Rbc8 23. Rxd8+ Rxd8 24. Bc1 Rc8 25. Bd2 Rc2 26. Bxa5 Rxa2 27. b4 Bd4 28. Bc7 Bc4 29. Rc1 Bxf2+ 30. Kh2 Bd3 31. Be5 Bc2 32. Kh1 Be3 33.
Re1 Bd2 34. Rf1 Bxb4 35. Rf6 h5 36. Rb6 Bf8 37. Rb8 hxg4 38. hxg4 Ra6 39. Bd4 Rc6 40. e5 Rc4 41. Bb2 Rb4 42. Rxf8+ Kxf8 43. Ba3 Ke7 44.
Bd5 Bd1 45. Bxb4+ Kd7 46. g5 Ke8 47. Bc6+ Kd8 48. Kg2 Bb3 49. Kf3 Be6 50. Ke4 Kc7 51.
Bd5 Kb6 52. Bxe6 fxe6 53. Kd4 Kb5 54. Bd6 Kc6 55. Kc4 Kb6 56. Kb4 Kc6 57. Be7 Kd5 58. Bf6 Kc6 59. Ka5 Kc5 60. Bg7 Kc6 61. Ka6 Kc7 62. Kb5 Kb7 63. Bf6 Kc7 64. Kc5 Kd7 65. Kb6 1-0

[Event "*** Titled Tuesday Blitz"]
[Site "Chess.com"]
[Date "2019.02.05"]
[Round "7"]
[White "GrandGlacier"]
[Black "kacprekt"]
[Result "1-0"]
[WhiteElo "2195"]
[BlackElo "2301"]
[TimeControl "180+2"]
[EndTime "14:40:33 PST"]
[Termination "GrandGlacier won by resignation"]

1. e4 c6 2. d4 d5 3. Nc3 dxe4 4. Nxe4 Bf5 5. Ng3 Bg6 6. h4 h6 7. Nf3 Nd7 8. h5 Bh7 9. Bd3 Bxd3 10. Qxd3 e6 11. Bf4 Qa5+ 12. Bd2 Bb4 13. c3 Be7 14. a4 Ngf6 15. b4 Qc7 16. Ne4 Nxe4 17. Qxe4 Nf6 18. Qe2 O-O 19. a5 b6 20. Ne5 c5 21. dxc5 bxc5 22. O-O Rfd8 23. Bf4 Nd5 24. Bg3 Bd6 25. Rfc1 Rac8 26. b5 c4 27. Kh2 f6 28. Nc6 Bxg3+ 29. fxg3 Re8 30. Nd4 Qc5 31. Qg4 e5 32. Nf5 Rc7 33.
Nxh6+ Kh8 34. Nf5 Ne3 35. Qg6 Rg8 36. Rab1 Nxf5 37. Qxf5 Rb8 38. h6 Rxb5 39. hxg7+ Kxg7 40. Rf1 Rf7 41. Qg4+ Kf8 42. Qh5 Kg8 43. Qg6+ Kf8 44. Rxf6 Rxf6 45. Qxf6+ Kg8 46. Qe6+ Kh8 47. Qe8+ 1-0

[Event "*** Titled Tuesday Blitz"]
[Site "Chess.com"]
[Date "2019.02.05"]
[Round "7"]
[White "Tolya2"]
[Black "TST2014"]
[Result "1/2-1/2"]
[WhiteElo "2530"]
[BlackElo "2522"]
[TimeControl "180+2"]
[EndTime "14:40:33 PST"]
[Termination "Game drawn by repetition"]

1. Nf3 Nf6 2. d4 g6 3. g3 Bg7 4. Bg2 O-O 5. O-O d6 6. b3 e5 7. dxe5 dxe5 8. Ba3 Qxd1 9. Rxd1 Re8 10. Nc3 Bf5 11. Nh4 Bc8 12. Nb5 Na6 13. c4 g5 14.
Nf3 h6 15. h4 g4 16. Nd2 Bf5 17. Nc3 c6 18. Nde4 Nxe4 19. Nxe4 Bxe4 20. Bxe4 Rad8 21.
Bf5 h5 22. e3 Bf8 23. Bb2 Bd6 24. Kf1 Kg7 25. Ke2 f6 26. a3 Kf7 27. b4 c5 28. b5 Nc7 29. a4 Be7 30. a5 Rxd1 31. Rxd1 Rd8 32. Be4 b6 33. a6 Rxd1 34. Kxd1 Ne8 35.
Bd5+ Kg6 36. Ke2 Bd6 37. f4 Nc7 38. fxe5 Bxe5 39. Be4+ Kf7 40. Bxe5 fxe5 41. Kd3 Ne8 42. Bc6 Nd6 43. e4 Kg6 44. Bd5 Nc8 45. Ke3 Ne7 46. Kd3 Kf6 47. Bb7 Ng6 48. Ke3 Nf8 49.
Bc6 Kg7 50. Be8 Kh6 51. Bf7 Nd7 52. Be8 Nf8 53. Bf7 Nd7 54. Be8 Nf8 55. Bf7 Ng6 56. Bxg6 Kxg6 57. Kd3 Kf6 58. Ke3 Kg6 59. Kd3 Kf6 60.
Ke3 Kg6 1/2-1/2

[Event "*** Titled Tuesday Blitz"]
[Site "Chess.com"]
[Date "2019.02.05"]
[Round "7"]
[White "SantoBlue"]
[Black "Muisback26"]
[Result "0-1"]
[WhiteElo "2729"]
[BlackElo "2867"]
[TimeControl "180+2"]
[EndTime "14:40:37 PST"]
[Termination "Muisback26 won by resignation"]

1. Nf3 g6 2. g3 Bg7 3. Bg2 d6 4. O-O e5 5. d3 c5 6. c4 Nc6 7. Nc3 Nge7 8. a3 h5 9. h4 a5 10.
Rb1 Bg4 11. Ne1 Qd7 12. Ne4 Nd4 13. f3 Bf5 14. b4 axb4 15. axb4 b6 16. bxc5 bxc5 17.
Bg5 Bxe4 18. fxe4 O-O 19. Nf3 Nec6 20. Kh2 Ra2 21. Rf2 Nxf3+ 22. Bxf3 Nd4 23. Bg2 Qg4 24. Bh3 Qxe2 25. Rxe2 Rxe2+ 26. Kh1 Ra8 27. Bf1 Rea2 28. Be7 Bh6 29. Bg5 Bxg5 30. hxg5 Rf2 31. Ra1 Rb8 32. Rb1 Ra8 33. Ra1 Rb8 34. Rb1 Rb4 35. Kg1 Rd2 36. Qxd2 Nf3+ 37. Kf2 Nxd2 38. Ra1 Rb2 39.
Ra8+ Kg7 40. Be2 Nb1 41. Kf1 Nc3 42. Bf3 Rd2 43. g4 h4 44. Ra6 Rxd3 45. Kf2 h3 46.
Ra1 Rd4 47. Rh1 Nxe4+ 48. Ke3 Nxg5 0-1

[Event "*** Titled Tuesday Blitz"]
[Site "Chess.com"]
[Date "2019.02.05"]
[Round "7"]
[White "AlexTriapishko"]
[Black "GukeshDommaraju"]
[Result "1-0"]
[WhiteElo "2769"]
[BlackElo "2685"]
[TimeControl "180+2"]
[EndTime "14:40:37 PST"]
[Termination "AlexTriapishko won by resignation"]

1. c4 g6 2. g3 Bg7 3. Bg2 f5 4. Nc3 e5 5. d3 d6 6. e4 Nc6 7. Nge2 Nf6 8. O-O O-O 9. Nd5 h6 10. h3 g5 11. f4 exf4 12. gxf4 g4 13. Ng3 fxe4 14. dxe4 gxh3 15. Bf3 Nxd5 16. cxd5 Nd4 17. Kh2 Qh4 18. Nh5 Nxf3+ 19. Qxf3 Bg4 20. Qg3 Qxh5 21. Rg1 Rae8 22. Qxg4 Qxg4 23. Rxg4 Rxe4 24. Kxh3 Rf5 25. Bd2 Kf7 26. Rag1 Rh5+ 27. Kg3 Rxd5 28. Kf3 Bxb2 29. Kxe4 Rxd2 30. Rh1 Bf6 31. Rxh6 d5+ 32. Kf5 Be7 33. Rh7+ Ke8 34. Rg6 Kd8 35. Re6 Bd6 36. Rg6 Be7 37.
Ke6 Re2+ 38. Kxd5 Rxa2 39. f5 Ra5+ 40. Ke6 Ra6+ 41. Kf7 Ra5 42. f6 Bxf6 43. Rxf6 b6 44. Kg6 Kc8 45. Rc6 Rc5 46. Rhxc7+ 1-0

[Event "*** Titled Tuesday Blitz"]
[Site "Chess.com"]
[Date "2019.02.05"]
[Round "7"]
[White "BillForster"]
[Black "aa175"]
[Result "0-1"]
[WhiteElo "1704"]
[BlackElo "1917"]
[TimeControl "180+2"]
[EndTime "14:40:40 PST"]
[Termination "aa175 won on time"]

1. d4 Nf6 2. c4 d6 3. Nc3 g6 4. e4 Bg7 5. Bd3 O-O 6. Nge2 e5 7. d5 Nbd7 8. b3 Nc5 9. Bc2 a5 10.
O-O Ne8 11. Be3 b6 12. Rc1 f5 13. exf5 Bxf5 14. f4 e4 15. Nd4 Qd7 16. Nce2 Nd3 17.
Bxd3 exd3 18. Ng3 Qe7 19. Ndxf5 gxf5 20. Qxd3 Qf7 21. Rce1 h5 22. Bd4 Kh8 23. Bxg7+ Qxg7 24. Nxh5 Qg6 25. Qh3 Rf7 26. Re6 Qh7 27. Rfe1 Ng7 28. Nxg7 Qxh3 29. gxh3 Rxg7+ 30. Kf2 Rgg8 31. Re7 Rg6 32.
R1e6 Rg7 33. Rxg7 Kxg7 34. Re7+ Kf6 35. Rxc7 a4 36. b4 Re8 37. Rc6 Re4 38. Kf3 Ke7 39. Rc7+ Kf6 40. Rc6 Ke7 41. h4 Rd4 42. h5 Rd3+ 43.
Ke2 Rh3 44. Rxb6 Rxh2+ 45. Kd3 Rxh5 46. Ra6 a3 47. Ke3 Rh2 0-1

[Event "*** Titled Tuesday Blitz"]
[Site "Chess.com"]
[Date "2019.02.05"]
[Round "7"]
[White "RoelandPruijssers"]
[Black "jcibarra"]
[Result "1-0"]
[WhiteElo "2549"]
[BlackElo "2703"]
[TimeControl "180+2"]
[EndTime "14:40:42 PST"]
[Termination "RoelandPruijssers won on time"]

1. d4 Nf6 2. c4 d6 3. Nc3 e5 4.
Nf3 e4 5. Ng5 Qe7 6. Qc2 Bf5 7.
f3 Nc6 8. e3 Nxd4 9. Qd1 Nc6 10. Be2 exf3 11. Nxf3 g6 12. O-O Bg7 13. Nd5 Nxd5 14.
cxd5 Ne5 15. Nd4 Bd7 16. Qb3 O-O-O 17. Bd2 Kb8 18. Rfc1 Bc8 19. a4 Ka8 20. Ba5 Rd7 21. Bb5 Bh6 22. Bxd7 Nxd7 23. Rxc7 Bxe3+ 24. Kh1 Bxd4 25. Qc4 Bc5 26. b4 Qf6 27. Rc1 Ne5 28. Qc3 Qf4 29. bxc5 Nd3 30. Rb1 Nf2+ 31. Kg1 Ng4 32. cxd6 Qxh2+ 33.
Kf1 Qh1+ 34. Ke2 Qxg2+ 35. Kd1 Qf1+ 36. Kd2 Qf4+ 37. Kc2 Bf5+ 38. Kb3 Rb8 39. Rd1 Qxd6 40. Rxf7 Ne5 41. Bc7 Nxf7 42. Bxd6 Nxd6 43. Qe5 Ne4 44. d6 Be6+ 45. Kb2 Bf5 46. d7 1-0